Map: Orbital Shipyard

Players

NwSeRa - Winner!

  • Race: Zerg Zerg
  • League: Diamond

ILLBdA

  • Race: Protoss Protoss
  • League: Diamond

VOD

Have the link to the VOD?

Description

Time

  • Played on: Dec. 29, 2015, 8:03 a.m.
  • Length: 9:38
Show
View Real Time Build Order
Export as new Build Order

NwSeRa Zerg - Winner!

Build Orders: 3 Hatch before Pool 

Get SALT Encoding   

  12  0:01  Drone  
  13  0:08  Drone  
  14  0:18  Overlord  
  14  0:36  Drone x3  
  17  0:48  Drone  
  18  0:57  Drone  
  18  0:59  Hatchery  
  18  1:08  Drone  
  19  1:19  Drone  
  19  1:24  Hatchery  
  19  1:39  Drone  
  20  1:42  Spawning Pool  
  19  1:58  Drone  
  20  2:13  Drone x2  
  23  2:27  Drone x2  
  23  2:28  Drone  
  26  2:31  Drone  
  27  2:48  Zergling x2  
  27  2:49  Overlord  
  27  2:52  Drone  
  27  2:55  Queen  
  28  3:06  Queen  
  28  3:11  Drone  
  28  3:12  Drone x4  
  35  3:15  Extractor  
  35  3:17  Drone  
  35  3:23  Drone, Extractor  
  35  3:27  Drone  
  36  3:35  Overlord  
  36  3:47  Roach Warren  
  35  3:49  Drone  
  35  3:53  Drone  
  35  3:54  Drone  
  38  4:01  Drone  
  38  4:02  Drone  
  40  4:05  Drone x3  
  40  4:06  Drone  
  44  4:13  Hatchery  
  44  4:15  Overlord x2  
  43  4:33  Roach  
  43  4:34  Roach x3  
  43  4:35  Roach x2  
  43  4:36  Roach x2  
  59  4:44  Overlord  
  59  4:47  Extractor  
  59  4:51  Drone x2  
  60  4:57  Overlord  
  60  5:05  Lair  
  60  5:06  Drone  
  61  5:09  Extractor  
  61  5:13  Drone x5  
  65  5:15  Drone x2  
  67  5:22  Overlord  
  67  5:23  Overlord  
  67  5:24  Drone  
  67  5:25  Drone, Queen  
  67  5:28  Ravager x3  
  73  5:34  Drone x3  
  77  5:40  Overlord x3  
  77  5:42  Drone x2  
  79  5:56  Drone x4  
  80  5:58  Extractor  
  80  5:59  Extractor  
  75  6:13  Drone x3  
  75  6:14  Drone x6  
  75  6:17  Spire  
  80  6:22  Overlord  
  80  6:23  Overlord  
  78  6:38  Hydralisk Den  
  78  6:39  Drone x2  
  74  6:42  Drone x2  
  74  6:43  Hatchery  
  72  6:49  Spore Crawler  
  71  6:55  Drone  
  71  6:56  Evolution Chamber  
  71  6:58  Evolution Chamber, Queen  
  72  7:05  Pneumatized Carapace  
  72  7:07  Hydralisk, Muscular Augments  
  72  7:08  Hydralisk x8  
  82  7:12  Hydralisk  
  82  7:13  Hydralisk x3  
  98  7:16  Overseer  
  98  7:18  Hydralisk x3  
  98  7:19  Hydralisk x2  
  108  7:26  Zerg Missile Weapons Level 1  
  108  7:28  Drone  
  109  7:37  Zerg Ground Armor Level 1  
  109  7:40  Metabolic Boost  
  109  7:44  Zergling x8  
  109  7:45  Zergling x6  
  109  7:51  Overlord x4  
  114  8:06  Hydralisk  
  114  8:07  Hydralisk x2  
  114  8:09  Hatchery, Overlord  
  114  8:10  Overlord x3  
  119  8:15  Overseer  
  119  8:18  Hydralisk x6  
  119  8:19  Hydralisk  
  132  8:39  Roach x5  
  132  8:40  Roach x7  
  155  8:46  Drone  
  156  8:50  Zergling x2  
  156  8:51  Zergling x6  
  160  9:03  Roach, Zergling x2  
  160  9:04  Zergling x20  
  175  9:32  Hatchery  
Show
View Real Time Build Order
Export as new Build Order

ILLBdA Protoss 

Build Orders:  

Get SALT Encoding   

  12  0:01  Probe (Chrono Boost)  
  13  0:11  Probe (Chrono Boost)  
  14  0:18  Pylon  
  14  0:22  Probe (Chrono Boost)  
  15  0:36  Probe (Chrono Boost)  
  15  0:37  Forge  
  16  0:47  Probe (Chrono Boost)  
  17  0:57  Probe (Chrono Boost)  
  18  1:11  Probe (Chrono Boost)  
  19  1:32  Probe (Chrono Boost), Pylon  
  20  1:33  Pylon  
  20  1:34  Pylon  
  20  1:42  Pylon x2  
  20  1:43  Probe (Chrono Boost)  
  21  1:47  Pylon  
  21  1:51  Photon Cannon  
  21  2:00  Photon Cannon  
  21  2:06  Photon Cannon  
  21  2:19  Photon Cannon  
  21  2:21  Pylon  
  21  2:27  Probe (Chrono Boost)  
  21  2:39  Nexus  
  21  2:46  Gateway  
  21  2:51  Assimilator  
  21  2:56  Assimilator  
  21  2:57  Probe (Chrono Boost)  
  22  3:07  Probe (Chrono Boost), Pylon  
  23  3:18  Probe (Chrono Boost)  
  24  3:28  Probe (Chrono Boost), Gateway  
  24  3:33  Cybernetics Core  
  25  3:39  Probe (Chrono Boost)  
  26  3:43  Photon Cannon  
  26  3:51  Probe (Chrono Boost)  
  26  3:53  Probe (Chrono Boost)  
  26  3:55  Zealot  
  30  4:01  Probe (Chrono Boost)  
  31  4:07  Probe (Chrono Boost)  
  32  4:12  Mothership Core (Chrono Boost), Warp Gate  
  32  4:15  Adept  
  36  4:24  Probe (Chrono Boost)  
  37  4:30  Probe (Chrono Boost)  
  38  4:34  Probe (Chrono Boost)  
  38  4:36  Stargate  
  39  4:41  Probe (Chrono Boost)  
  39  4:45  Sentry, Probe (Chrono Boost)  
  43  4:52  Probe (Chrono Boost)  
  44  4:54  Assimilator  
  44  4:55  Probe (Chrono Boost)  
  44  4:59  Assimilator  
  45  5:01  Pylon  
  45  5:02  Probe (Chrono Boost)  
  45  5:06  Twilight Council  
  47  5:07  Probe (Chrono Boost)  
  49  5:19  Phoenix (Chrono Boost)  
  49  5:25  Pylon  
  49  5:33  Probe  
  50  5:44  Blink (Chrono Boost)  
  50  5:55  Void Ray (Chrono Boost)  
  51  6:11  Photon Cannon  
  50  6:21  Adept x2  
  47  6:34  Void Ray (Chrono Boost)  
  47  6:37  Probe  
  48  6:47  Stalker x2, Probe  
  48  6:51  Probe  
  48  6:53  Nexus  
  54  6:55  Pylon  
  54  7:02  Pylon x2  
  54  7:12  Gateway  
  54  7:14  Stalker, Gateway  
  54  7:15  Stalker  
  58  7:18  Probe, Gateway  
  58  7:20  Gateway  
  59  7:39  Stalker  
  59  7:40  Stalker  
  59  7:43  Probe  
  64  7:48  Robotics Facility  
  64  7:51  Probe, Pylon  
  64  7:52  Dark Shrine  
  64  7:55  Probe  
  66  8:08  Probe  
  66  8:11  Stalker x2  
  66  8:12  Stalker x3  
  77  8:20  Stalker  
  77  8:22  Probe x2  
  80  8:36  Probe  
  80  8:40  Observer, Robotics Bay  
  82  8:41  Stalker x2  
  86  8:49  Assimilator  
  86  8:50  Assimilator  
  86  8:51  Stalker  
  86  8:52  Stalker  
  90  9:03  Stalker x2  
  90  9:04  Stalker  
  90  9:08  Probe  
  97  9:13  Probe  
  97  9:15  Probe  
  99  9:18  Zealot  
  97  9:27  Stalker  
  97  9:28  Stalker x2  
  90  9:35  Stalker x2  
Tags
 
Add a new tag
Caveats
  • Supply blocks, unpowered buildings, or Contaminate may cause inaccurate times.
  • Supply counts are checked every 10 seconds.